 Dungeon Crawl Stone Soup version 0.29-a0-330-g52719c12eb (webtiles) character file.

Game seed: 15299687330786556400

2937 kae the Firebug (level 9, -1/61 HPs)
             Began as an Octopode Fire Elementalist on Apr 15, 2022.
             Was a Follower of Ashenzari.
             Killed by an exploding orc warrior (28 damage)
             ... ignited by their inner flame
             ... in a bailey.
             The game lasted 00:08:08 (11085 turns).

kae the Firebug (Octopode Fire Elementalist)       Turns: 11085, Time: 00:08:09

Health: -1/61      AC:  1    Str:  7    XL:     9   Next: 80%
Magic:  0/26       EV: 15    Int: 21    God:    Ashenzari [*.....]
Gold:   456        SH:  0    Dex: 13    Spells: 10/19 levels left

rFire   . . .      SeeInvis +   k - +0 mace of the Eye in the Sky {venom, Comp, Self} (curse)
rCold   . . .      Faith    .   (no shield)
rNeg    . . .      Spirit   +   (helmet restricted)
rPois   .          Reflect  .   l - amulet of guardian spirit
rElec   .          Harm     .   j - ring of magical power
rCorr   +          Rampage  .   f - ring of resist corrosion
Will    .....                   q - ring "Chained Jealousy" {SInv, Cun, Alch} (curse)
Stlth   +++++.....              (no ring)
HPRegen 0.20/turn               (no ring)
MPRegen 0.20/turn               (no ring)
                                (no ring)
                                (no ring)

@: no status effects
A: almost no armour, amphibious, 8 rings, camouflage 1, gelatinous body 1,
(nimble swimmer 1), tentacles
a: Renounce Religion, Shatter the Chains


You were in a bailey.
You worshipped Ashenzari.
Ashenzari was aware of your devotion.
You visited 2 branches of the dungeon, and saw 9 of its levels.
You also visited: Bailey.

You collected 456 gold pieces.

Inventory:

Hand Weapons
 d - a +2 dagger of electrocution
 k - the cursed +0 mace of the Eye in the Sky (weapon) {venom, Comp, Self}
   (You found it on level 2 of the Dungeon)

   It poisons the flesh of those it strikes.
   It has a curse which improves the following skills: Companions: Summonings
   and Necromancy.
   Introspection: Fighting and Spellcasting.
Missiles
 m - 2 throwing nets
Jewellery
 f - a ring of resist corrosion (right tentacle)
 j - a ring of magical power (left tentacle)
 l - an amulet of guardian spirit (around mantle)
 p - an amulet of faith
 q - the cursed ring "Chained Jealousy" (on tentacle) {SInv, Cun, Alch}
   (You found it on level 3 of the Dungeon)

   [ring of see invisible]

   SInv:      It lets you see invisible.
   It has a curse which improves the following skills: Cunning: Dodging and
   Stealth.
   Alchemy:   Poison Magic and Transmutations.
Wands
 r - a wand of acid (20)
Scrolls
 c - 2 scrolls of fear
 h - a scroll of enchant armour
 n - a scroll of teleportation
 t - a scroll of amnesia
 v - 2 scrolls of enchant weapon
Potions
 a - 2 potions of magic
 b - 5 potions of ambrosia
 e - 3 potions of might
 g - a potion of flight
 i - 3 potions of mutation
 o - a potion of heal wounds
 s - a potion of brilliance
 u - a potion of curing


   Skills:
 + Level 4.8(5.6) Fighting
 + Level 5.2(6.1) Dodging
 + Level 7.6(8.5) Stealth
 + Level 4.9(5.7) Spellcasting
 + Level 4.9 Conjurations
 * Level 7.8 Fire Magic


You had 10 spell levels left.
You knew the following spells:

 Your Spells              Type           Power      Damage    Failure   Level
a - Foxfire               Conj/Fire      100%       2x1d9     1%          1
b - Scorch                Fire           76%        2d9       1%          2
c - Conjure Flame         Conj/Fire      32%        6-21      2%          3
d - Inner Flame           Hex/Fire       22%        N/A       6%          3

Your spell library contained the following spells:

 Spells                   Type           Power      Damage    Failure   Level
 Flame Wave               Conj/Fire      32%        2d8       8%          4
 Sting                    Tmut/Pois      24%        1d4       10%         1
 Poisonous Vapours        Pois/Air       12%        N/A       16%         2
 Olgreb's Toxic Radiance  Pois           6%         N/A       67%         4


Dungeon Overview and Level Annotations

Branches:
Dungeon (8/15)             Temple (1/1) D:6          Bailey (1/1)
   Lair: D:8-11

Altars:
Ashenzari
Dithmenos
Elyvilon
Fedhas
Gozag
Kikubaaqudgha
Makhleb
Nemelex Xobeh
Xom
Zin
The Shining One

Shops:
D:3 [   D:8 !

Annotations:
D:4 Pikel


Innate Abilities, Weirdness & Mutations

You cannot wear most types of armour.
You are amphibious.
You can wear up to eight rings at the same time.
Your skin changes colour to match your surroundings (Stealth+).
Your rubbery body absorbs attacks. (AC +1, EV +1)
((You are camouflaged when in or above water. (Stealth+)))
You have tentacles for arms and can constrict up to eight enemies at once.


Message History

Confirm with . or Enter, or press ? or * to list all spells.
The fire begins to smoulder!
Casting: Conjure Flame (dangerous; 2% risk of failure)
Confirm with . or Enter, or press ? or * to list all spells.
The fire ignites!
You are engulfed in blazing flames.
The orc warrior hits you with a +0 broad axe!!
The orc hits you with a +0 war axe.
Casting: Conjure Flame (dangerous; 2% risk of failure)
Confirm with . or Enter, or press ? or * to list all spells.
Aiming: Inner Flame (dangerous; 6% risk of failure)
Press: ? - help, Dir - move target, f - orc warrior
Aim: an orc warrior, wielding a +0 broad axe and wearing a +0 ring mail (lightly wounded, chance to affect: 78%)
The orc warrior is filled with an inner flame.
Casting: Inner Flame (dangerous; 6% risk of failure)
Confirm with . or Enter, or press ? or * to list all spells.
You conjure some foxfire!
The foxfire hits the orc.
The orc is almost dead.
The foxfire hits the orc but does no damage.
The orc is almost dead.
Casting: Foxfire (safe; 1% risk of failure)
Confirm with . or Enter, or press ? or * to list all spells.
You conjure some foxfire!
The foxfire hits the orc.
You kill the orc!
The foxfire hits the orc warrior.
Flame seeps out of the orc warrior.
The orc warrior is moderately wounded.
The orc warrior is engulfed in blazing flames.
Flame seeps out of the orc warrior.
Casting: Foxfire (safe; 1% risk of failure)
Confirm with . or Enter, or press ? or * to list all spells.
You conjure some foxfire!
The orc warrior is engulfed in blazing flames.
Flame seeps out of the orc warrior.
The foxfire hits the orc warrior but does no damage.
The orc warrior is almost dead.
The foxfire hits the orc warrior.
The orc warrior explodes!
The fiery explosion engulfs you!!
You die...

♣♣♣...)...♣♣ ♣.......♣
♣##'''##♣ ##.....##
#..))...# ##.......##
#.........#
##......§§.##
#.....⌠)§@..#######
##.....))§)##.....##
.'.......§§§°...)..#
..##.......##o......##
.. #.......#.........#
##.....##.........##
#######.....⌠.....#
##.........##
#.........#


You could see an orc.

Vanquished Creatures
  Sigmund (D:4)
  A steam dragon (D:7)
  A water moccasin (D:5)
  4 orc warriors (Bailey)
  A sky beast (D:3)
  2 ice beasts
  A black bear (D:7)
  2 ogres
  A phantom (D:4)
  A kobold brigand (D:7)
  5 bullfrogs
  A necrophage (D:4)
  Blork the orc (D:4)
  8 scorpions
  A howler monkey (D:6)
  4 hounds
  An orc priest (D:5)
  Crazy Yiuf (D:3)
  3 iguanas
  3 orc wizards
  Robin (D:4)
  9 gnolls
  A river rat (D:6)
  4 adders
  2 shadow imps
  A white imp (D:7)
  An ufetubus (D:6)
  2 worms (D:4)
  2 dart slugs
  12 orcs
  8 ball pythons
  3 endoplasms
  6 giant cockroaches
  26 goblins
  11 hobgoblins
  3 jackals (D:5)
  4 quokkas
  3 bats
  6 frilled lizards
  7 kobolds
  6 rats
161 creatures vanquished.

Vanquished Creatures (others)
  514 foxfires
514 creatures vanquished.

Grand Total: 675 creatures vanquished

Notes
Turn   | Place    | Note
-------+----------+-------------------------------------------
     0 | D:1      | kae the Octopode Fire Elementalist began the quest for the
                  | Orb.
     0 | D:1      | Reached XP level 1. HP: 11/11 MP: 3/3
   264 | D:1      | Reached XP level 2. HP: 17/17 MP: 1/5
   343 | D:1      | Learned a level 2 spell: Scorch
   728 | D:1      | Found a faded altar of an unknown god.
  1495 | D:2      | Reached XP level 3. HP: 22/22 MP: 6/6
  1499 | D:2      | Learned a level 3 spell: Conjure Flame
  1926 | D:2      | Reached skill level 1 in Fighting
  1926 | D:2      | Reached XP level 4. HP: 11/28 MP: 7/7
  2331 | D:3      | Noticed a scorpion
  2335 | D:3      | Noticed a sky beast
  2944 | D:2      | Killed a scorpion
  2945 | D:2      | Reached XP level 5. HP: 33/33 MP: 5/8
  3297 | D:3      | Found Cuosoubo's Antique Armour Emporium.
  3393 | D:3      | Killed a sky beast
  3394 | D:3      | Reached XP level 6. HP: 16/39 MP: 5/10
  3623 | D:3      | Found a runed translucent door.
  3624 | D:3      | Noticed Crazy Yiuf
  3959 | D:3      | Killed Crazy Yiuf
  4074 | D:4      | Noticed Sigmund
  4117 | D:4      | Killed Sigmund
  4118 | D:4      | Reached XP level 7. HP: 23/45 MP: 6/11
  4449 | D:4      | Noticed Pikel
  4621 | D:4      | Reached skill level 5 in Fire Magic
  4821 | D:4      | Reached skill level 5 in Stealth
  4925 | D:4      | Noticed Blork the orc
  4935 | D:4      | Killed Blork the orc
  5484 | D:4      | Noticed Robin
  5494 | D:4      | Reached XP level 8. HP: 30/51 MP: 13/13
  5496 | D:4      | Killed Robin
  6130 | D:5      | Entered Level 5 of the Dungeon
  7849 | D:6      | Reached XP level 9. HP: 46/58 MP: 15/15
  7959 | D:6      | Found an ancient bone altar of Kikubaaqudgha.
  8004 | D:6      | Found a staircase to the Ecumenical Temple.
  8009 | Temple   | Entered the Ecumenical Temple
  8094 | Temple   | Became a worshipper of Ashenzari the Shackled
  9360 | D:7      | Reached skill level 5 in Dodging
 10132 | D:7      | Reached * piety under Ashenzari
 10257 | D:8      | Found Wimyec's Distillery.
 10324 | D:8      | Found a flagged portal.
 10382 | Bailey   | Entered a bailey
 10611 | Bailey   | Learned a level 3 spell: Inner Flame
 11085 | Bailey   | Killed by an exploding orc warrior... ignited by their
                  | inner flame

Illustrated notes

Levels and vault maps discovered:
D:1:      ncdulo_lavacross, layout_basic,
          shapermc_ecumenical_altar_starsandcircs,
          amcnicky_mini_corridor_feature, minmay_distorted
D:2:      layout_loops_ring
D:3:      layout_rooms, serial_shops, shop, kennysheep_generic_room_11,
          uniq_crazy_yiuf_cottage
D:4:      layout_gridville, uniq_pikel, uniq_robin, uniq_sigmund,
          uniq_blork_the_orc
D:5:      layout_cave_pools, amethyst_killhole, grunt_decor_clamped,
          grunt_decor_junction, minmay_misc_feat_x
D:6:      layout_loops_cross, nicolae_overflow_hidden_temple, temple_doors_e,
          portal_sewer_entry_a
D:7:      layout_loops_corners, grunt_ogre_cave
D:8:      minmay_gate_of_8, layout_cave_pods, enter_bailey_5, serial_shops,
          nicolae_stop_n_shop_2, lemuel_old_faithful, uniq_maurice, uniq_maggie
Temple:   compressed_dpeg_circular_temple
Bailey:   bailey_axe_minmay_hex_keep, bailey

Skill      XL: |  1  2  3  4  5  6  7  8  9 |
---------------+----------------------------+-----
Stealth        | 3 4 5 6 7 |  7.6
Fighting       | 1 2 4 |  4.8
Fire Magic     | 4 5 6 7 |  7.8
Conjurations   | 2 3 4 |  4.9
Dodging        | 3 4 5 |  5.2
Spellcasting   | 3 4 |  4.9

Action                   |  1- 3 |  4- 6 |  7- 9 || total
-------------------------+-------+-------+-------++-------
Melee: Unarmed           |     6 |       |       ||     6
       Mace              |    16 |     1 |    32 ||    49
       Constrict         |     7 |       |     9 ||    16
       Tentacles         |     6 |       |     8 ||    14
       Punch             |       |       |     3 ||     3
 Cast: Foxfire           |    46 |    56 |   205 ||   307
       Scorch            |     1 |    11 |    73 ||    85
       Conjure Flame     |       |     3 |     7 ||    10
       Inner Flame       |       |       |     1 ||     1
Invok: Curse Item        |       |       |     2 ||     2
  Use: Scroll            |       |    11 |     5 ||    16
       Potion            |       |     1 |     7 ||     8
 Stab: Sleeping          |     7 |       |     1 ||     8
Armor: Skin              |     2 |       |    10 ||    12
Dodge: Dodged            |    17 |    27 |   113 ||   157

Table legend: (Time is in decaauts)
 A = Elapsed time spent in this place.
 B = Non-inter-level travel time spent in this place.
 C = Inter-level travel time spent in this place.
 D = Time resting spent in this place.
 E = Time spent auto-exploring this place.
 F = Levels seen in this place.
 G = Mean time per level.
                   A        B        C        D        E       F      G
               +--------+--------+--------+--------+--------+-----+--------+
         Total |  11109 |  10742 |    367 |   1623 |   7583 |  10 | 1110.9 |
       Dungeon |  10304 |   9963 |    341 |   1258 |   7371 |   8 | 1288.0 |
        Temple |    100 |     74 |     26 |      0 |     66 |   1 |  100.0 |
        Bailey |    703 |    703 |      0 |    365 |    146 |   1 |  703.0 |
               +--------+--------+--------+--------+--------+-----+--------+

Top non-repeatable levels by time:
     D:2: 2019 daAuts
     D:7: 1688 daAuts
     D:4: 1579 daAuts
     D:5: 1402 daAuts
     D:3: 1357 daAuts
     D:1: 1182 daAuts
     D:6: 1009 daAuts
  Bailey: 703 daAuts
  Temple: 100 daAuts
     D:8: 65 daAuts
